 Dungeon Crawl Stone Soup version 0.29-a0-670-g5ff2a30383 (webtiles) character file.

Game seed: 1229417428704064026

33 Conn the Firebug (level 3, 0/21 HPs)
             Began as an Octopode Fire Elementalist on June 24, 2022.
             Succumbed to a kobold's poison
             ... on level 1 of the Dungeon.
             The game lasted 00:01:50 (1165 turns).

Conn the Firebug (Octopode Fire Elementalist)       Turns: 1165, Time: 00:01:50

Health: 0/21       AC:  1    Str:  7    XL:     3   Next: 29%
Magic:  4/6        EV: 13    Int: 19    God:
Gold:   37         SH:  0    Dex: 12    Spells: 5/6 levels left

rFire   . . .      SeeInvis .   d - +0 short sword
rCold   . . .      Faith    .   (no shield)
rNeg    . . .      Spirit   .   (helmet restricted)
rPois   .          Reflect  .   (no amulet)
rElec   .          Harm     .   (no ring)
rCorr   .          Rampage  .   (no ring)
Will    .....                   (no ring)
Stlth   +++.......              (no ring)
HPRegen 0.07/turn               (no ring)
MPRegen 0.10/turn               (no ring)
                                (no ring)
                                (no ring)

@: lethally poisoned (0 -> -7)
A: almost no armour, amphibious, 8 rings, camouflage 1, gelatinous body 1,
(nimble swimmer 1), tentacles
a: no special abilities


You were on level 1 of the Dungeon.
You visited 1 branch of the dungeon, and saw 1 of its levels.

You collected 37 gold pieces.

Inventory:

Hand Weapons
 c - a +0 dagger
 d - a +0 short sword (weapon)
Scrolls
 b - a scroll of vulnerability {unknown}
 e - a scroll of identify {unknown}
Potions
 a - a potion of magic


   Skills:
 + Level 2.0 Dodging
 + Level 3.1 Stealth
 + Level 2.4 Spellcasting
 + Level 1.3 Conjurations
 + Level 3.6 Fire Magic


You had 5 spell levels left.
You knew the following spells:

 Your Spells              Type           Power      Damage    Failure   Level
a - Foxfire               Conj/Fire      44%        2x1d6     6%          1

Your spell library contained the following spells:

 Spells                   Type           Power      Damage    Failure   Level
 Scorch                   Fire           30%        2d6       5%          2
 Conjure Flame            Conj/Fire      11%        6-21      19%         3
 Inner Flame              Hex/Fire       9%         N/A       24%         3
 Call Canine Familiar     Summ           2%         N/A       43%         3
 Portal Projectile        Hex/Tloc       4%         N/A       43%         3
 Flame Wave               Conj/Fire      11%        2d5       52%         4
 Leda's Liquefaction      Hex/Erth       1%         N/A       85%         4


Dungeon Overview and Level Annotations

Branches:
Dungeon (1/15)

Altars:


Innate Abilities, Weirdness & Mutations

You cannot wear most types of armour.
You are amphibious.
You can wear up to eight rings at the same time.
Your skin changes colour to match your surroundings (Stealth+).
Your rubbery body absorbs attacks. (AC +1, EV +1)
((You are camouflaged when in or above water. (Stealth+)))
You have tentacles for arms and can constrict up to eight enemies at once.


Message History

A kobold and a goblin come into view.
The kobold is wielding a +2 dagger of venom.
Found a helmet.
The kobold shouts!
The goblin shouts!
There is an open door here.
You barely miss the kobold. Your grab misses the kobold.
Your squeeze misses the kobold. The kobold closely misses you.
You hit the kobold but do no damage. Your grab misses the kobold.
The kobold hits you with a +2 dagger of venom.
The kobold attacks as you move away! The kobold barely misses you.
The kobold attacks as you move away!
The kobold hits you with a +2 dagger of venom.
You are poisoned.
You feel very sick. The kobold attacks as you move away!
The kobold hits you with a +2 dagger of venom.
You feel sick.
Casting: Foxfire (safe; 6% risk of failure)
Confirm with . or Enter, or press ? or * to list all spells.
You conjure some foxfire!
You feel sick.
The kobold hits you with a +2 dagger of venom.
You are lethally poisoned!
Unknown command.
* * * LOW HITPOINT WARNING * * *
You feel very sick.
The foxfire hits the kobold but does no damage.
The foxfire hits the kobold.
The kobold is severely wounded.
Okay, then.
You hit the kobold.
You kill the kobold!
* * * LOW HITPOINT WARNING * * *
You feel very sick.
Casting: Foxfire (safe; 6% risk of failure)
Confirm with . or Enter, or press ? or * to list all spells.
You conjure some foxfire!
* * * LOW HITPOINT WARNING * * *
You feel sick.
Unknown command.
The goblin attacks as you move away! The goblin completely misses you.
You die...

#..........# #######....
#..........####..........
#.......^..#.....####....
#'# #..........##. #.#
#......###.### ### #.#
#......# #....
+..###g#####......#######
#......v................
#.....v@..#......#..###.
#.........####.#...##<##
#.........####.#.###...#
#....>....+......#...≈..
#.........####.###.8.≈.8
##### #.....##### #.#
#...≈.. #...# #.....#
######.# #.⌠.≈.⌠ #..(#
#.##### #...##.# #...≈..
#...# #(# #...##.#
#.8.≈.8


You could see a goblin (ally target).

Vanquished Creatures
  A gnoll (D:1)
  3 bats (D:1)
  4 endoplasms (D:1)
  A hobgoblin (D:1)
  A quokka (D:1)
  4 ball pythons (D:1)
  3 frilled lizards (D:1)
  2 goblins (D:1)
  4 kobolds (D:1)
  2 rats (D:1)
25 creatures vanquished.

Vanquished Creatures (others)
  39 foxfires (D:1)
39 creatures vanquished.

Grand Total: 64 creatures vanquished

Notes
Turn   | Place    | Note
-------+----------+-------------------------------------------
     0 | D:1      | Conn the Octopode Fire Elementalist began the quest for the
                  | Orb.
     0 | D:1      | Reached XP level 1. HP: 11/11 MP: 3/3
    50 | D:1      | Found a faded altar of an unknown god.
   308 | D:1      | Reached XP level 2. HP: 17/17 MP: 0/5
   918 | D:1      | Reached XP level 3. HP: 20/21 MP: 1/6
  1164 | D:1      | HP: 1/21 [poisoned by a kobold]
  1165 | D:1      | Succumbed to a kobold's poison

Illustrated notes

Levels and vault maps discovered:
D:1:      mainiacjoe_arrival_reflecting_pool, layout_basic,
          chequers_ecumenical_altar_simple_redux, minmay_liquid_box

Skill      XL: |  1  2 |
---------------+-------+-----
Stealth        | 3 |  3.1
Dodging        | |  2.0
Spellcasting   | |  2.4
Conjurations   | |  1.3
Fire Magic     | |  3.6

Action                   || total
-------------------------++-------
Melee: Constrict         ||     7
       Unarmed           ||     2
       Tentacles         ||     6
       Punch             ||     1
       Dagger            ||    11
       Short sword       ||     9
 Cast: Foxfire           ||    25
 Stab: Sleeping          ||     1
Dodge: Dodged            ||    23

Table legend: (Time is in decaauts)
 A = Elapsed time spent in this place.
 B = Non-inter-level travel time spent in this place.
 C = Inter-level travel time spent in this place.
 D = Time resting spent in this place.
 E = Time spent auto-exploring this place.
 F = Levels seen in this place.
 G = Mean time per level.
                   A        B        C        D        E       F      G
               +--------+--------+--------+--------+--------+-----+--------+
         Total |   1164 |   1164 |      0 |      0 |    966 |   1 | 1164.0 |
       Dungeon |   1164 |   1164 |      0 |      0 |    966 |   1 | 1164.0 |
               +--------+--------+--------+--------+--------+-----+--------+

Top non-repeatable levels by time:
     D:1: 1164 daAuts
